 Dungeon Crawl Stone Soup version 0.19-a0-1686-g35356ef (webtiles) character file.

5 Flanowski the Insei (level 1, -3/9 HPs)
             Began as a Vine Stalker Transmuter on Sept 25, 2016.
             Slain by a bullfrog skeleton (4 damage)
             ... on level 1 of the Dungeon.
             The game lasted 00:00:39 (756 turns).

Flanowski the Insei (Vine Stalker Transmuter)        Turns: 756, Time: 00:00:40

Health: -3/9       AC:  3    Str: 12    XL:     1   Next: 80%
Magic:  0/4        EV: 12    Int: 13    God:
Gold:   64         SH:  0    Dex: 14    Spells: 1 memorised, 3 levels left

rFire  . . .     SeeInvis .       - Unarmed
rCold  . . .     Gourm    .     b - +0 robe
rNeg   . . .     Faith    .     (no shield)
rPois  .         Spirit   +     (no helmet)
rElec  .         Dismiss  .     (no cloak)
rCorr  .         Reflect  .     (no gloves)
MR     .....     Harm     .     (no boots)
Stlth  +.........               (no amulet)
                                (no ring)
                                (no ring)

@: appendage (expiring)
A: fangs 2, horns 2, magic shield, antimagic bite, no device heal 3, rot
immunity
a: End Transformation


You were on level 1 of the Dungeon.
You were not hungry.
You had grown temporary horns.
You visited 1 branch of the dungeon, and saw 1 of its levels.

You collected 64 gold pieces.

Inventory:

Missiles
 a - 12 arrows
Armour
 b - a +0 robe (worn)
Scrolls
 f - a scroll of identify {unknown}
 g - a scroll of teleportation {unknown}
 h - 2 scrolls of recharging {unknown}
 i - a scroll of magic mapping {unknown}
 j - a scroll of blinking {unknown}
 k - a scroll of fog {unknown}
Potions
 e - a potion of flight {unknown}
Books
 c - a book of Changes

   Spells                             Type                      Level
   a - Beastly Appendage              Transmutation                1
   b - Sticks to Snakes               Transmutation                2
   c - Spider Form                    Transmutation/Poison         3
   d - Ice Form                       Ice/Transmutation            4
   e - Blade Hands                    Transmutation                5
Comestibles
 d - 2 bread rations
 l - 2 fruits
 m - a chunk of flesh


   Skills:
 + Level 0.8 Fighting
 + Level 1.5 Dodging
 * Level 3.3 Unarmed Combat
 + Level 2.1 Spellcasting
 * Level 2.0 Transmutations


You had 3 spell levels left.
You knew the following spells:

 Your Spells              Type           Power        Failure   Level  Hunger
a - Beastly Appendage     Tmut           #.....       12%         1    ##.....


Dungeon Overview and Level Annotations

Branches:
Dungeon (1/15)

Altars:


Innate Abilities, Weirdness & Mutations

You have extremely sharp teeth.
When hurt, damage is shared between your health and your magic reserves.
Your bite disrupts and absorbs the magic of your enemies.
Potions and wands cannot restore your health.
You are immune to rotting.
You have a pair of horns on your head.


Message History

You hit the bullfrog skeleton. You bite the bullfrog skeleton.
You drain its power.
You feel invigorated.
The bullfrog skeleton is heavily damaged.
The bullfrog skeleton barely misses you.
You hit the bullfrog skeleton. You bite the bullfrog skeleton.
You drain its power.
The bullfrog skeleton is severely damaged.
Your transformation is almost over.
The bullfrog skeleton misses you.
You barely miss the bullfrog skeleton.
Your headbutt misses the bullfrog skeleton.
You bite the bullfrog skeleton. You drain its power.
The bullfrog skeleton is almost destroyed.
The bullfrog skeleton hits you.
* * * LOW HITPOINT WARNING * * *
You are too injured to fight recklessly!
You are too injured to fight recklessly!
The bullfrog skeleton hits you. The bullfrog skeleton hits you.
You die...

..................)..............
#########.#############.#########
........#.#...........#.#........
##.####.#.#.####.####.#.#.####.##
#.#....#.#....#.#....#.#....#.#.
#.#.####.####.#.#.####.####.#.#.
#.#...........#.#...........#)#.
##.#############.#############.##
)...............@................
................Z................
....#.##.#...........###.#.#.#..#
....#....#...#.#.........#.#.#..#
...####...####.#####.###.#.#....#
................(....# #..#####.#
#.###...........########.#P##.#.#
#.# #...............##.#.#.P#.#.#
#.# #..............###.P..###.#.#


You could see a bullfrog skeleton.

Vanquished Creatures
  A dart slug (D:1)
  2 ball pythons (D:1)
  A kobold (D:1)
  A rat (D:1)
5 creatures vanquished.

Notes
Turn   | Place    | Note
-------+----------+-------------------------------------------
     0 | D:1      | Flanowski the Vine Stalker Transmuter began the quest for the Orb.
     0 | D:1      | Reached XP level 1. HP: 9/9 MP: 4/4
   756 | D:1      | Slain by a bullfrog skeleton

Vault maps used:
D:1:      dpeg_arrival_circle_labyrinth_c, roderic_lattice_a,
          minmay_misc_feat_rows, minmay_shallow_snake_nest

Action                   || total
-------------------------++-------
Melee: Unarmed           ||    19
       Bite              ||     8
       Kick              ||     1
 Cast: Beastly Appendage ||     4
Armor: Robe              ||     2
Dodge: Dodged            ||    12
